 Dungeon Crawl Stone Soup version 0.22.1-1-ga44c0e5 (webtiles) character file.

196 MalarOregon the Slasher (level 5, -3/47 HPs)
             Began as a Minotaur Fighter on Sept 21, 2018.
             Was a Follower of Makhleb.
             Killed from afar by Natasha (5 damage)
             ... with a magic dart
             ... on level 3 of the Dungeon.
             The game lasted 00:02:49 (1816 turns).

MalarOregon the Slasher (Minotaur Fighter)          Turns: 1816, Time: 00:02:49

Health: -3/47      AC:  7    Str: 22    XL:     5   Next: 45%
Magic:  4/4        EV:  7    Int:  5    God:    Makhleb [*.....]
Gold:   103        SH:  9    Dex:  9    Spells: 4/4 levels left

rFire    . . .     SeeInvis .   a - +0 long sword
rCold    . . .     Gourm    .   c - +0 shield
rNeg     . . .     Faith    .   b - +0 scale mail
rPois    .         Spirit   .   (helmet restricted)
rElec    .         Reflect  .   (no cloak)
rCorr    .         Harm     .   (no gloves)
MR       .....                  (no boots)
Stlth    ..........             (no amulet)
HPRegen  0.15/turn              (no ring)
MPRegen  0.09/turn              (no ring)

@: slowed, very slow
A: retaliatory headbutt, horns 2
a: Renounce Religion


You were on level 3 of the Dungeon.
You worshipped Makhleb.
Makhleb was aware of your devotion.
You were not hungry.

You visited 1 branch of the dungeon, and saw 3 of its levels.

You collected 103 gold pieces.

Inventory:

Hand Weapons
 a - a +0 long sword (weapon)
Missiles
 r - 13 poisoned needles
Armour
 b - a +0 scale mail (worn)
 c - a +0 shield (worn)
 k - a +0 cloak
   (You found it on level 1 of the Dungeon)
 o - a +0 pair of boots
   (You found it on level 2 of the Dungeon)
Jewellery
 p - an uncursed ring of positive energy {unknown}
   (You found it on level 2 of the Dungeon)
Wands
 u - a wand of paralysis (17)
   (You found it on level 3 of the Dungeon)
Scrolls
 f - 4 scrolls of remove curse {unknown}
 h - 3 scrolls of blinking {unknown}
 j - 2 scrolls of enchant armour {unknown}
 l - a scroll of identify {unknown}
 s - a scroll of enchant weapon {unknown}
 t - a scroll of amnesia {unknown}
Potions
 d - a potion of might
 g - a potion of brilliance {unknown}
 i - 2 potions of lignification {unknown}
 n - a potion of flight {unknown}
 q - a potion of degeneration {unknown}
Comestibles
 e - 6 rations {!d}
 m - 11 chunks of flesh


   Skills:
 + Level 4.6 Fighting
 * Level 4.7 Long Blades
 + Level 4.6 Armour
 + Level 4.6 Shields


You had 4 spell levels left.
You didn't know any spells.
Your spell library was empty.

Dungeon Overview and Level Annotations

Branches:
Dungeon (3/15)

Altars:
Ashenzari
Elyvilon
Fedhas
Gozag
Makhleb
Yredelemnul

Annotations:
D:3 Natasha


Innate Abilities, Weirdness & Mutations

You reflexively headbutt those who attack you in melee.
You have a pair of horns on your head.


Message History

* * * LOW HITPOINT WARNING * * *
Unknown command.
You hit Natasha but do no damage. Your headbutt misses Natasha.
You block the goblin's attack.
The orc hits you from afar with a trident.
* * * LOW HITPOINT WARNING * * *
The orc hits you but does no damage.
The shadow imp hits you but does no damage.
You block Natasha's attack. The goblin hits you but does no damage.
You block the orc's attack.
Unknown command.
You hit Natasha but do no damage. You headbutt Natasha.
The orc hits you but does no damage.
Natasha casts a spell.
You block the shadow imp's attack. You block the goblin's attack.
You block the orc's attack. The orc hits you but does no damage.
Unknown command.
You barely miss the orc. Natasha claws you but does no damage.
The shadow imp barely misses you.
You riposte.
You slash the shadow imp! You headbutt the shadow imp.
You kill the shadow imp!
The goblin hits you.
* * * LOW HITPOINT WARNING * * *
You block the orc's attack. The orc hits you but does no damage.
Natasha stares at you and mumbles some strange words.
You feel yourself slow down.
Unknown command.
You barely miss Natasha. The goblin hits you but does no damage.
The orc hits you from afar with a trident.
* * * LOW HITPOINT WARNING * * *
The orc closely misses you. Natasha claws you!
* * * LOW HITPOINT WARNING * * *
The goblin hits you but does no damage. You block the orc's attack.
The orc hits you from afar with a trident.
* * * LOW HITPOINT WARNING * * *
Natasha casts a spell at you.
You feel as though you will be slow longer.
Unknown command.
Okay, then.
You hit Natasha. You block the goblin's attack. The orc closely misses you.
You riposte.
You closely miss the orc. The orc barely misses you.
Natasha claws you but does no damage. You block the goblin's attack.
The orc hits you but does no damage.
The orc hits you from afar with a trident.
* * * LOW HITPOINT WARNING * * *
Unknown command.
You miss Natasha. You headbutt Natasha.
Natasha stares at you and mumbles some strange words.
The magic dart hits you!
You die...

........# ...## .. ..
#........# ...#. ...
#........# #..#.###
....#........# #..#....
....#........# #..##...
.............# #..##...
.......5.....##+#..##...
#...ohgo..[.......###'#
#...o†@(..........###.#
#...######............#
+. #......#......
#......####### #....[.#
+......# #......#
#......#


You could see an iron imp, an orc wizard, Natasha, 2 orcs and a goblin.

Vanquished Creatures
  A jelly (D:3)
  An orc priest (D:3)
  Terence (D:3)
  A hound zombie (D:3)
  3 adders
  2 worms (D:3)
  2 leopard geckos
  6 orcs (D:3)
  7 goblins
  7 hobgoblins
  8 kobolds
  A quokka (D:2)
  6 bats
  7 frilled lizards
  3 rats
56 creatures vanquished.

Notes
Turn   | Place    | Note
-------+----------+-------------------------------------------
     0 | D:1      | MalarOregon the Minotaur Fighter began the quest for the
                  | Orb.
     0 | D:1      | Reached XP level 1. HP: 19/19 MP: 0/0
    94 | D:1      | Reached XP level 2. HP: 27/27 MP: 1/1
   924 | D:2      | Found a shattered altar of Ashenzari.
   973 | D:2      | Found a burning altar of Makhleb.
   974 | D:2      | Found a white marble altar of Elyvilon.
   974 | D:2      | Found a basalt altar of Yredelemnul.
   974 | D:2      | Found an opulent altar of Gozag.
   978 | D:2      | Found a blossoming altar of Fedhas.
   998 | D:2      | Became a worshipper of Makhleb the Destroyer
  1030 | D:2      | Reached XP level 3. HP: 31/33 MP: 2/2
  1605 | D:3      | Reached XP level 4. HP: 40/40 MP: 3/3
  1619 | D:3      | Noticed Terence
  1628 | D:3      | Killed Terence
  1629 | D:3      | Reached * piety under Makhleb
  1800 | D:3      | Noticed Natasha
  1802 | D:3      | Reached XP level 5. HP: 38/47 MP: 4/4
  1815 | D:3      | HP: 1/47 [orc/trident (4)]
  1816 | D:3      | Killed from afar by Natasha

Skill      XL: |  1  2  3  4 |
---------------+-------------+-----
Long Blades    | 3 4 |  4.7
Fighting       | 4 |  4.6
Armour         | 4 |  4.6
Shields        | 4 |  4.6

Action                   |  1- 3 |  4- 6 || total
-------------------------+-------+-------++-------
Melee: Long sword        |    91 |    41 ||   132
       Headbutt          |    11 |    11 ||    22
  Eat: Chunk             |     2 |     1 ||     3
Armor: Scale mail        |    49 |    20 ||    69
Dodge: Dodged            |    29 |    18 ||    47
Block: Shield            |    37 |    37 ||    74
       Rpst.: Long sword |     7 |     4 ||    11
